MLB
DETROIT TIGERS @ MILWAUKEE BREWERS
04/24/2023
 
TOP OF THE 1ST
Detroit Tigers batting - Pitching for Milwaukee Brewers : LHP Madison Bumgarner
Pitching: LHP Madison Bumgarner
Batting: RHB Randy Arozarena 0-0: Swinging Strike
0-1: Foul Ball, location: 5F
0-2: Fly out, F7 (Flyball, 7S, EV 95.0 MPH)
Batting: RHB Fernando Tatis Jr. 0-0: Swinging Strike
0-1: Ball
1-1: Ball
2-1: Called Strike
2-2: Foul Ball, location: 9LSF
2-2: Ball
3-2: Strikes out swinging
Batting: RHB Teoscar Hernández 0-0: Ball
1-0: Ball
2-0: SINGLE (Line Drive, 9S, EV 110.6 MPH)
Batting: SHB Jose Ramirez 0-0: Ball
1-0: TRIPLE (Line Drive, 9LD, EV 105.6 MPH)
Teoscar Hernández scores
Batting: RHB Miguel Vargas 0-0: DOUBLE (Line Drive, 8RXD, EV 108.1 MPH)
Jose Ramirez scores
Batting: RHB Miguel Rojas 0-0: Fly out, F9 (Line Drive, 89M, EV 93.8 MPH)
Top of the 1st over - 2 runs, 3 hits, 0 errors, 1 left on base; Detroit 2 - Milwaukee 0
BOTTOM OF THE 1ST
Milwaukee Brewers batting - Pitching for Detroit Tigers : RHP Cristian Javier
Pitching: RHP Cristian Javier
Batting: LHB J.P. Crawford 0-0: Called Strike
0-1: Ball
1-1: Ball
2-1: Ball
3-1: Foul Ball, location: 2F
3-2: Foul Ball, location: 2F
3-2: Fly out, F9 (Flyball, 89M, EV 93.8 MPH)
Batting: RHB AJ Pollock 0-0: Ball
1-0: Swinging Strike
1-1: Ball
2-1: Ball
3-1: Base on Balls
Batting: RHB Salvador Perez 0-0: Called Strike
0-1: Ball
1-1: 2-RUN HOME RUN (Flyball, 7D, EV 96.3 MPH), Distance : 390 ft
Batting: LHB Cody Bellinger 0-0: Ball
1-0: Hit by Pitch
Batting: RHB Wilmer Flores 0-0: Called Strike
0-1: Called Strike
0-2: Strikes out swinging
Batting: LHB LaMonte Wade Jr. 0-0: Swinging Strike
0-1: Swinging Strike
0-2: Strikes out swinging
Bottom of the 1st over - 2 runs, 1 hit, 0 errors, 1 left on base; Detroit 2 - Milwaukee 2
TOP OF THE 2ND
Detroit Tigers batting - Pitching for Milwaukee Brewers : LHP Madison Bumgarner
Batting: RHB Anthony Alford 0-0: Called Strike
0-1: Ball
1-1: DOUBLE (Line Drive, 89D, EV 99.4 MPH)
Batting: RHB Bubba Thompson 0-0: Ball
1-0: Ball
2-0: Ground out 6-3 (Groundball, 6, EV 83.8 MPH)
Batting: LHB Omar Narvaez 0-0: Ball
1-0: Ball
2-0: Foul Ball, location: 3F
2-1: Ball
3-1: Base on Balls
Pitching: RHP Kyle Finnegan
Batting: RHB Randy Arozarena 0-0: Called Strike
0-1: Called Strike
0-2: Ball
1-2: Foul Ball, location: 2F
1-2: Ball
2-2: Strikes out swinging
Batting: RHB Fernando Tatis Jr. 0-0: Ball
1-0: Ball
2-0: Foul Ball, location: 5F
2-1: Ball
3-1: Base on Balls
Anthony Alford to third
Omar Narvaez to second
Batting: RHB Teoscar Hernández 0-0: Ball
1-0: Ball
2-0: Fly out, F7 (Flyball, 78M, EV 97.5 MPH)
Top of the 2nd over - 0 runs, 1 hit, 0 errors, 3 left on base; Detroit 2 - Milwaukee 2
BOTTOM OF THE 2ND
Milwaukee Brewers batting - Pitching for Detroit Tigers : RHP Cristian Javier
Batting: RHB Jorge Soler 0-0: Ball
1-0: Ball
2-0: Ball
3-0: Fly out, F9 (Flyball, 9D, EV 82.5 MPH)
Batting: RHB Alan Trejo 0-0: Ball
1-0: Ball
2-0: Ball
3-0: Called Strike
3-1: Foul Ball, location: 23F
3-2: Foul Ball, location: 9LMF
3-2: Strikes out swinging
Batting: RHB Jose Trevino 0-0: Ball
1-0: Foul Ball, location: 9LMF
1-1: Swinging Strike
1-2: Strikes out swinging
Bottom of the 2nd over - 0 runs, 0 hits, 0 errors, 0 left on base; Detroit 2 - Milwaukee 2
TOP OF THE 3RD
Detroit Tigers batting - Pitching for Milwaukee Brewers : RHP Kyle Finnegan
Batting: SHB Jose Ramirez 0-0: Called Strike
0-1: Foul Ball, location: 2F
0-2: Ball
1-2: Fly out, F9 (Flyball, 9, EV 91.9 MPH)
Pitching: RHP Mitch White
Batting: RHB Miguel Vargas 0-0: Called Strike
0-1: Ground out 6-3 (Groundball, 6, EV 107.5 MPH)
Batting: RHB Miguel Rojas 0-0: Called Strike
0-1: Ball
1-1: SINGLE (Groundball, 6S, EV 66.9 MPH) (infield hit)
Batting: RHB Anthony Alford 0-0: Ball
1-0: Ball
2-0: Called Strike
2-1: Foul Ball, location: 9LDF
2-2: Ball
3-2: Foul Ball, location: 5F
3-2: Ground out 4-3 (Groundball, 4, EV 86.3 MPH)
Top of the 3rd over - 0 runs, 1 hit, 0 errors, 1 left on base; Detroit 2 - Milwaukee 2
BOTTOM OF THE 3RD
Milwaukee Brewers batting - Pitching for Detroit Tigers : RHP Cristian Javier
Batting: LHB J.P. Crawford 0-0: Ball
1-0: Ground out 2-3 (Groundball, 15S, EV 63.1 MPH)
Batting: RHB AJ Pollock 0-0: Called Strike
0-1: Called Strike
0-2: Ground out 6-3 (Groundball, 6S, EV 85.6 MPH)
Batting: RHB Salvador Perez 0-0: Called Strike
0-1: Ball
1-1: Ball
2-1: SINGLE (Line Drive, 7S, EV 99.4 MPH)
Batting: LHB Cody Bellinger 0-0: Foul Ball, location: 3F
0-1: Foul Ball, location: 7LSF
0-2: Ball
1-2: Foul Ball, location: 7LDF
1-2: Strikes out swinging
Bottom of the 3rd over - 0 runs, 1 hit, 0 errors, 1 left on base; Detroit 2 - Milwaukee 2
TOP OF THE 4TH
Detroit Tigers batting - Pitching for Milwaukee Brewers : RHP Mitch White
Batting: RHB Bubba Thompson 0-0: Ball
1-0: Ball
2-0: Foul Ball, location: 9LSF
2-1: Ball
3-1: Ground out 6-3 (Groundball, 56, EV 78.1 MPH)
Batting: LHB Omar Narvaez 0-0: Swinging Strike
0-1: Called Strike
0-2: Foul Ball, location: 5F
0-2: Foul Ball, location: 2F
0-2: DOUBLE (Line Drive, 8LXD, EV 101.3 MPH)
Batting: RHB Randy Arozarena 0-0: Ball
1-0: Called Strike
1-1: Ball
2-1: DOUBLE (Line Drive, 7LS, EV 95.0 MPH)
Omar Narvaez scores
Pitching: RHP Matt Wisler
Batting: RHB Fernando Tatis Jr. 0-0: Ball
1-0: Fly out, F4 (Line Drive, 4M, EV 70.6 MPH)
Batting: RHB Teoscar Hernández 0-0: Ball
1-0: Swinging Strike
1-1: Ball
2-1: Ball
3-1: Foul Ball, location: 5F
3-2: SINGLE (Line Drive, 56D, EV 96.3 MPH)
Randy Arozarena to third
Runner from 3rd tries for Home, SAFE, throw by LF to home
Batting: SHB Jose Ramirez 0-0: Ball
1-0: Ball
2-0: Ball
3-0: Base on Balls
Teoscar Hernández to second
Batting: RHB Miguel Vargas 0-0: Ball
1-0: Ball
2-0: Ball
3-0: Called Strike
3-1: Called Strike
3-2: Foul Ball, location: 7LSF
3-2: SINGLE (Line Drive, 78S, EV 97.5 MPH)
Teoscar Hernández to third
Jose Ramirez to second
Teoscar Hernández scores
Jose Ramirez to third
Batting: RHB Miguel Rojas 0-0: SINGLE (Line Drive, 9LS, EV 93.1 MPH)
Jose Ramirez scores
Miguel Vargas to second
Runner from 2nd tries for 3rd, SAFE, throw by RF made to third
Batting: RHB Anthony Alford 0-0: Foul Ball, location: 2F
0-1: Ball
1-1: Ball
2-1: Fly out, F7 (Line Drive, 7S, EV 101.9 MPH)
Top of the 4th over - 4 runs, 5 hits, 0 errors, 2 left on base; Detroit 6 - Milwaukee 2
BOTTOM OF THE 4TH
Milwaukee Brewers batting - Pitching for Detroit Tigers : RHP Cristian Javier
Batting: RHB Wilmer Flores 0-0: Called Strike
0-1: Called Strike
0-2: Ground out 4-3 (Groundball, 4, EV 86.9 MPH)
Batting: LHB LaMonte Wade Jr. 0-0: Ball
1-0: Called Strike
1-1: Called Strike
1-2: Foul Ball, location: 2F
1-2: Fly out, F9 (Flyball, 89S, EV 96.3 MPH)
Batting: RHB Jorge Soler 0-0: Ball
1-0: Swinging Strike
1-1: Foul Ball, location: 9LSF
1-2: Foul Ball, location: 25F
1-2: Ball
2-2: Foul Ball, location: 2F
2-2: Strikes out swinging
Bottom of the 4th over - 0 runs, 0 hits, 0 errors, 0 left on base; Detroit 6 - Milwaukee 2
TOP OF THE 5TH
Detroit Tigers batting - Pitching for Milwaukee Brewers : RHP Matt Wisler
Batting: RHB Bubba Thompson 0-0: Ground out 4-3 (Groundball, 34, EV 87.5 MPH)
Pitching: LHP Packy Naughton
Batting: LHB Omar Narvaez 0-0: Ball
1-0: Called Strike
1-1: Ball
2-1: Foul Ball, location: 2LF
2-2: Ball
3-2: Foul Ball, location: 3F
3-2: Ground out 4-3 (Groundball, 34, EV 110.6 MPH)
Batting: RHB Randy Arozarena 0-0: Ball
1-0: Swinging Strike
1-1: Foul Ball, location: 7LMF
1-2: Strikes out looking
Top of the 5th over - 0 runs, 0 hits, 0 errors, 0 left on base; Detroit 6 - Milwaukee 2
BOTTOM OF THE 5TH
Milwaukee Brewers batting - Pitching for Detroit Tigers : RHP Cristian Javier
Batting: RHB Alan Trejo 0-0: Ball
1-0: Called Strike
1-1: Ball
2-1: Ball
3-1: Fly out, F8 (Flyball, 8RM, EV 92.5 MPH)
Batting: RHB Jose Trevino 0-0: Ball
1-0: Called Strike
1-1: Ball
2-1: Ball
3-1: Fly out, F8 (Flyball, 8LM, EV 91.3 MPH)
Batting: LHB J.P. Crawford 0-0: Ball
1-0: Swinging Strike
1-1: Ball
2-1: Foul Ball, location: 2F
2-2: Foul Ball, location: 3DF
2-2: Ball
3-2: Base on Balls
Batting: RHB AJ Pollock 0-0: Called Strike
0-1: Called Strike
0-2: Ball
1-2: Ball
2-2: Ball
3-2: Foul Ball, location: 3DF
3-2: Strikes out swinging
Bottom of the 5th over - 0 runs, 0 hits, 0 errors, 1 left on base; Detroit 6 - Milwaukee 2
TOP OF THE 6TH
Detroit Tigers batting - Pitching for Milwaukee Brewers : LHP Packy Naughton
Batting: RHB Fernando Tatis Jr. 0-0: SOLO HOME RUN (Flyball, 9LD, EV 96.9 MPH), Distance : 367 ft
Batting: RHB Teoscar Hernández 0-0: SINGLE (Groundball, 6MD, EV 101.9 MPH)
Batting: SHB Jose Ramirez 0-0: Ball
1-0: Called Strike
1-1: Foul Ball, location: 2F
1-2: Foul Ball, location: 25F
1-2: Ball
2-2: Fly out, F7 (Flyball, 7, EV 81.9 MPH)
Batting: RHB Miguel Vargas 0-0: Called Strike
0-1: Ball
1-1: Foul Ball, location: 2F
1-2: Fly out, F6 (Line Drive, 6, EV 66.9 MPH)
Batting: RHB Miguel Rojas 0-0: Ground out 4-3 (Groundball, 34, EV 110.0 MPH)
Top of the 6th over - 1 run, 2 hits, 0 errors, 1 left on base; Detroit 7 - Milwaukee 2
BOTTOM OF THE 6TH
Milwaukee Brewers batting - Pitching for Detroit Tigers : RHP Cristian Javier
Batting: RHB Salvador Perez 0-0: Called Strike
0-1: Ball
1-1: SOLO HOME RUN (Flyball, 78XD, EV 98.1 MPH), Distance : 400 ft
Batting: LHB Cody Bellinger 0-0: Ball
1-0: Foul Ball, location: 7LMF
1-1: Foul Ball, location: 7LSF
1-2: Strikes out swinging
Pitching: RHP Scott Effross
Batting: RHB Wilmer Flores 0-0: Ball
1-0: Called Strike
1-1: Ball
2-1: Foul Ball, location: 2F
2-2: Foul Ball, location: 9LSF
2-2: Foul Ball, location: 2F
2-2: Ground out 6-3 (Groundball, 6, EV 86.3 MPH)
Batting: LHB LaMonte Wade Jr. 0-0: Ball
1-0: Called Strike
1-1: Called Strike
1-2: Strikes out swinging
Bottom of the 6th over - 1 run, 1 hit, 0 errors, 0 left on base; Detroit 7 - Milwaukee 3
TOP OF THE 7TH
Detroit Tigers batting - Pitching for Milwaukee Brewers : LHP Packy Naughton
Pitching: RHP Dominic Leone
Batting: RHB Anthony Alford 0-0: Called Strike
0-1: Fly out, F8 (Flyball, 89M, EV 93.1 MPH)
Batting: RHB Bubba Thompson 0-0: Called Strike
0-1: Foul Ball, location: 2F
0-2: Ground out 3-1 (Groundball, 34, EV 82.5 MPH)
Batting: LHB Omar Narvaez 0-0: Ball
1-0: Ball
2-0: Called Strike
2-1: SINGLE (Groundball, 34D, EV 97.5 MPH)
Batting: RHB Randy Arozarena 0-0: Swinging Strike
0-1: Ball
1-1: Called Strike
1-2: Fly out, F7 (Flyball, 78M, EV 83.8 MPH)
Top of the 7th over - 0 runs, 1 hit, 0 errors, 1 left on base; Detroit 7 - Milwaukee 3
BOTTOM OF THE 7TH
Milwaukee Brewers batting - Pitching for Detroit Tigers : RHP Scott Effross
Batting: RHB Jorge Soler 0-0: Ball
1-0: Ball
2-0: Foul Ball, location: 9LSF
2-1: Swinging Strike
2-2: Foul Ball, location: 5F
2-2: Strikes out swinging
Batting: RHB Alan Trejo 0-0: DOUBLE (Line Drive, 5D, EV 97.5 MPH)
Batting: RHB Jose Trevino 0-0: Called Strike
0-1: Called Strike
0-2: Strikes out swinging
Pitching: LHP Joe Mantiply
Batting: LHB J.P. Crawford 0-0: Ball
1-0: Called Strike
1-1: Swinging Strike
1-2: Ball
2-2: Strikes out swinging
Bottom of the 7th over - 0 runs, 1 hit, 0 errors, 1 left on base; Detroit 7 - Milwaukee 3
TOP OF THE 8TH
Detroit Tigers batting - Pitching for Milwaukee Brewers : RHP Dominic Leone
Batting: RHB Fernando Tatis Jr. 0-0: Swinging Strike
0-1: Ball
1-1: SINGLE (Groundball, 6D, EV 106.3 MPH)
Batting: RHB Teoscar Hernández 0-0: Ball
1-0: Swinging Strike
1-1: Called Strike
Fernando Tatis Jr. steals 2nd base
1-2: Ball
2-2: Ball
3-2: SINGLE (Groundball, 6MD, EV 94.4 MPH)
Fernando Tatis Jr. to third
Pitching: RHP Bryse Wilson
Batting: SHB Jose Ramirez 0-0: Ball
1-0: Fielders Choice at 2nd, 3-6 (Groundball, 3, EV 76.9 MPH)
Fernando Tatis Jr. scores
Batting: RHB Miguel Vargas 0-0: Fly out, F6 (Popup, 6S, EV 78.8 MPH)
Batting: RHB Miguel Rojas 0-0: Swinging Strike
0-1: Ball
1-1: Called Strike
1-2: Strikes out swinging
Top of the 8th over - 1 run, 2 hits, 0 errors, 1 left on base; Detroit 8 - Milwaukee 3
BOTTOM OF THE 8TH
Milwaukee Brewers batting - Pitching for Detroit Tigers : LHP Joe Mantiply
Batting: RHB AJ Pollock 0-0: Ball
1-0: Ground out 5-3 (Groundball, 5L, EV 96.9 MPH)
Batting: RHB Salvador Perez 0-0: Called Strike
0-1: Ball
1-1: Ball
2-1: Fly out, F9 (Flyball, 9LM, EV 93.8 MPH)
Batting: LHB Cody Bellinger 0-0: Called Strike
0-1: Ball
1-1: Called Strike
1-2: Fly out, F9 (Line Drive, 9S, EV 89.4 MPH)
Bottom of the 8th over - 0 runs, 0 hits, 0 errors, 0 left on base; Detroit 8 - Milwaukee 3
TOP OF THE 9TH
Detroit Tigers batting - Pitching for Milwaukee Brewers : RHP Bryse Wilson
Batting: RHB Anthony Alford 0-0: Called Strike
0-1: Ball
1-1: Ball
2-1: Fly out, F5 (Popup, 56, EV 80.0 MPH)
Batting: RHB Bubba Thompson 0-0: Foul Ball, location: 25F
0-1: Ball
1-1: Foul Ball, location: 2F
1-2: Strikes out looking
Batting: LHB Omar Narvaez 0-0: Foul Ball, location: 9LDF
0-1: Foul Ball, location: 5F
0-2: Foul Ball, location: 7LDF
0-2: Ground out 4-3 (Groundball, 4, EV 106.9 MPH)
Top of the 9th over - 0 runs, 0 hits, 0 errors, 0 left on base; Detroit 8 - Milwaukee 3
BOTTOM OF THE 9TH
Milwaukee Brewers batting - Pitching for Detroit Tigers : LHP Joe Mantiply
Batting: RHB Wilmer Flores 0-0: Fly out, F8 (Flyball, 8LXD, EV 95.0 MPH)
Batting: LHB LaMonte Wade Jr. 0-0: Ball
1-0: Ball
2-0: DOUBLE (Groundball, 5L, EV 102.5 MPH)
Batting: RHB Jorge Soler 0-0: Ball
1-0: Called Strike
1-1: Called Strike
1-2: Foul Ball, location: 3F
1-2: Foul Ball, location: 2F
1-2: Strikes out swinging
Pitching: RHP Isaiah Campbell
Batting: RHB Alan Trejo 0-0: Ball
1-0: Fly out, F7 (Flyball, 78XD, EV 103.8 MPH)
Bottom of the 9th over - 0 runs, 1 hit, 0 errors, 1 left on base; Detroit 8 - Milwaukee 3
Friday, June 2nd , 2023 - OOTP Baseball 24.5 Build 64